 Dungeon Crawl Stone Soup version 0.16-a0-2296-gdce89d5 (webtiles) character file.

260 smajdalf the Ruffian (level 6, -4/48 HPs)
             Began as a Ghoul Warper on Nov 16, 2014.
             Killed by divine providence
             ... invoked by an orc priest
              (16 damage)
             ... on level 3 of the Dungeon.
             The game lasted 00:08:52 (3568 turns).

smajdalf the Ruffian (Ghoul Warper)                 Turns: 3568, Time: 00:08:53

Health: -4/48      AC:  6    Str: 15    XL:     6   Next: 17%
Magic:  8/8        EV:  9    Int: 10    God:
Gold:   81         SH:  0    Dex:  8    Spells: 3 memorised, 3 levels left

rFire  . . .     SeeInvis .       - Unarmed
rCold  + . .     Clarity  .     b - +0 ring mail
rNeg   + + +     SustAb   +     (no shield)
rPois  +         Gourm    .     r - +0 helmet
rElec  .         Spirit   .     (no cloak)
rCorr  .         Warding  .     (no gloves)
rMut   .         Stasis   .     (no boots)
MR     .....                    (no amulet)
Stlth  ..........               x - ring of sustain abilities
                                w - ring of flight

@: rotting, not resistant to hostile enchantments, extremely unstealthy
A: rotting body, claws 1, carnivore 3, cold resistance 1, negative energy
resistance 3, poison resistance, slow healing 1, torment resistance, unbreathing
a: Evoke Flight


You were on level 3 of the Dungeon.
You were not hungry.

You visited 1 branch of the dungeon, and saw 3 of its levels.

You collected 81 gold pieces.

Inventory:

Missiles
 e - 5 tomahawks of dispersal (quivered)
Armour
 b - a +0 ring mail (worn)
 r - a +0 helmet (worn)
Jewellery
 w - a ring of flight (left claw)
 x - a ring of sustain abilities (right claw)
Scrolls
 a - 2 scrolls of noise {unknown}
 d - a scroll of blinking
 k - 2 scrolls of remove curse {unknown}
 l - a scroll of identify {unknown}
 m - a scroll of immolation {unknown}
 n - a scroll of teleportation {unknown}
 p - a scroll of amnesia {unknown}
 v - a scroll of enchant weapon {unknown}
 y - a scroll of fear {unknown}
Potions
 f - a potion of brilliance {unknown}
 g - 2 potions of cancellation {unknown}
 h - a potion of restore abilities {unknown}
 j - a potion of flight {unknown}
 o - a potion of agility {unknown}
 q - a potion of curing {unknown}
 s - a potion of poison {unknown}
 t - a potion of heal wounds {unknown}
 u - a potion of confusion {unknown}
 z - a potion of resistance {unknown}
 A - a potion of mutation {unknown}
 B - a potion of invisibility {unknown}
Books
 c - a book of Spatial Translocations

   Spells                             Type                      Level
   *Apportation                       Translocation                1
   *Blink                             Translocation                2
   *Shroud of Golubria                Charms/Translocation         2
   Portal Projectile                  Translocation                3
   Teleport Other                     Translocation                3
   Passage of Golubria                Translocation                4
Comestibles
 i - 2 meat rations
 C - a chunk of flesh


   Skills:
 - Level 2.1 Fighting
 - Level 0.8 Throwing
 - Level 0.8 Armour
 - Level 1.7 Dodging
 + Level 6.9 Unarmed Combat
 - Level 1.7 Spellcasting
 - Level 2.6 Translocations


You had 3 spell levels left.
You knew the following spells:

 Your Spells              Type           Power        Failure   Level  Hunger
a - Apportation           Tloc           #.........   14%         1    ##.....
b - Blink                 Tloc           N/A          21%         2    ###....
c - Shroud of Golubria    Chrm/Tloc      #.........   38%         2    ###....


Dungeon Overview and Level Annotations

Branches:
Dungeon (3/15)

Altars:


Innate Abilities, Weirdness & Mutations

Your body is rotting away.
You thrive on raw meat.
You have sharp fingernails.
You are carnivorous and can eat meat at any time.
Your flesh is cold resistant.
You are immune to negative energy.
Your system is resistant to poisons.
You heal slowly when monsters are visible.
You are immune to unholy pain and torment.
You can survive without breathing.


Message History

Unknown command.
You closely miss the orc priest.
The orc priest is heavily wounded.
The orc priest is no longer bleeding.
The orc hits you but does no damage. The orc priest barely misses you.
Unknown command.
You barely miss the orc priest.
The orc priest is heavily wounded.
The orc completely misses you.
Unknown command.
You barely miss the orc priest.
The orc priest is heavily wounded.
The orc priest hits you but does no damage.
The orc barely misses you.
Unknown command.
You scratch the orc priest but do no damage.
The orc priest is heavily wounded.
The orc priest calls down the wrath of Beogh upon you.
Something smites you!
You die...

#......##.........#
####..
#......#..(.......# ###
#.................# #
#......#..........##
#<.....#...........####
#......#..............#
#......##..S.....####.##
########..oo......###..#
## #...@....)...##.####.
#..........#.........
#..........####.####.
#..........# #......
##........## #######
##......## ########


You could see an orc priest, an adder and an orc.

Vanquished Creatures
  A centaur (D:3)
  A giant frog (D:2)
  4 gnolls
  3 adders
  4 giant geckos
  A ball python (D:2)
  7 bats
  A giant cockroach (D:1)
  8 goblins
  4 hobgoblins
  9 kobolds
  A quokka (D:2)
  4 giant newts
  2 jackals (D:2)
  4 rats
54 creatures vanquished.

Notes
Turn   | Place    | Note
--------------------------------------------------------------
     0 | D:1      | smajdalf, the Ghoul Warper, began the quest for the Orb.
     0 | D:1      | Reached XP level 1. HP: 17/17 MP: 2/2
   118 | D:1      | Reached skill level 3 in Unarmed Combat
   118 | D:1      | Reached XP level 2. HP: 21/24 MP: 3/3
   476 | D:1      | Reached XP level 3. HP: 29/29 MP: 5/5
  1344 | D:1      | Reached skill level 4 in Unarmed Combat
  1914 | D:2      | Reached XP level 4. HP: 32/36 MP: 5/5
  2122 | D:2      | Reached skill level 5 in Unarmed Combat
  2281 | D:2      | Noticed a giant frog
  2288 | D:2      | Killed a giant frog
  2288 | D:2      | Reached XP level 5. HP: 29/41 MP: 6/6
  2424 | D:2      | Learned a level 2 spell: Blink
  2427 | D:2      | Learned a level 2 spell: Shroud of Golubria
  2456 | D:2      | Reached skill level 6 in Unarmed Combat
  3363 | D:3      | Noticed a centaur
  3378 | D:3      | Killed a centaur
  3378 | D:3      | Reached XP level 6. HP: 31/48 MP: 8/8
  3568 | D:3      | Killed from afar by an orc priest

Action                   |  1- 3 |  4- 6 || total
-------------------------+-------+-------++-------
Melee: Unarmed           |   131 |   106 ||   237
  Eat: Chunk             |    22 |    19 ||    41
